 Dungeon Crawl Stone Soup version 0.17.1-3-g152610e (webtiles) character file.

2622 kaze the Ducker (level 9, 0/88 HPs)
             Began as a Troll Berserker on Feb 23, 2016.
             Was an Elder of Trog.
             Shot with an arrow by a centaur (16 damage)
             ... on level 7 of the Dungeon.
             The game lasted 00:19:56 (5415 turns).

kaze the Ducker (Troll Berserker)                   Turns: 5415, Time: 00:19:56

Health: 0/88       AC:  6    Str: 30      XL:     9   Next: 34%
Magic:  8/8        EV: 12    Int:  1 (3)  God:    Trog [****..]
Gold:   274        SH:  0    Dex:  9      Spells: 0 memorised, 8 levels left

rFire  . . .     SeeInvis .     r - +0 giant spiked club
rCold  . . .     Clarity  .     a - +1 animal skin
rNeg   . . .     SustAt   .     (shield currently unavailable)
rPois  .         Gourm    +     (helmet restricted)
rElec  .         Spirit   .     o - +0 cloak
rCorr  .         Warding  .     (gloves unavailable)
rMut   .         Stasis   .     (boots unavailable)
MR     .....                    (no amulet)
Stlth  +.........               (no ring)
                                p - +2 ring of strength

@: not resistant to hostile enchantments, very unstealthy
A: unfitting armour, claws 3, hooves 1, deformed body, fast metabolism 3,
gourmand, regeneration 2, screaming 1, shaggy fur 1, tough skin 2, weak 1
a: Berserk, Trog's Hand, Brothers in Arms, Burn Spellbooks, Renounce Religion


You were on level 7 of the Dungeon.
You worshipped Trog.
Trog was greatly pleased with you.
You were very full.

You visited 1 branch of the dungeon, and saw 7 of its levels.

You collected 274 gold pieces.

Inventory:

Hand Weapons
 r - a +0 giant spiked club (weapon)
Missiles
 B - 5 poisoned javelins (quivered)
Armour
 a - a +1 animal skin (worn)
 o - a +0 cloak (worn)
Jewellery
 p - a +2 ring of strength (left claw)
 v - an uncursed ring of fire {unknown}
Wands
 i - a wand of random effects (15)
 q - a wand of cold (3)
 s - a wand of fireball (9)
 C - a wand of cold (9)
Scrolls
 e - 6 scrolls of identify
 g - a scroll of remove curse
 h - a scroll of blinking
 u - a scroll of teleportation {unknown}
 w - a scroll of magic mapping {unknown}
 x - a scroll of vulnerability {unknown}
 y - 2 scrolls of enchant weapon
Potions
 c - a potion of lignification
 j - 3 potions of heal wounds
 k - a potion of beneficial mutation {unknown}
 l - a potion of magic
 m - 3 potions of curing
 A - a potion of might
Miscellaneous
 f - a lantern of shadows
Comestibles
 b - 6 bread rations
 d - 2 royal jellies
 n - a meat ration
 t - a beef jerky


   Skills:
 + Level 5.4 Fighting
 + Level 5.0 Maces & Flails
 + Level 7.8 Dodging
 + Level 1.4 Stealth
 + Level 4.7 Unarmed Combat


You had 8 spell levels left.
You didn't know any spells.

Dungeon Overview and Level Annotations

Branches:
Dungeon (7/15)             Temple (0/1) D:6

Altars:
Nemelex Xobeh
Yredelemnul
Zin
The Shining One

Shops:
D:4 :*


Innate Abilities, Weirdness & Mutations

You are too large for most types of armour.
You have claws for hands.
Your metabolism is lightning-fast.
You like to eat raw meat.
You heal very quickly.
You are covered in fur (AC +1).
You have very tough skin (AC +2).
You have large cloven feet.
Armour fits poorly on your strangely shaped body.
You occasionally shout uncontrollably at your foes.
You are weak. (Str -2)


Message History

The centaur wields a shortbow.
The centaur shoots an arrow.
The arrow hits you!
The centaur wields a runed shortbow.
It bursts into flame!
The centaur shoots an arrow.
The arrow barely misses you.
A centaur comes into view.
You see here 2 arrows.
The centaur shouts!
The centaur wields a glowing shortbow.
It bursts into flame!
The centaur shoots an arrow.
The arrow hits you! The arrow burns you.
The centaur shoots an arrow.
The arrow hits you!
You see here 4 arrows.
The centaur shoots an arrow.
The arrow hits you! The arrow burns you.
The centaur shoots an arrow.
The arrow hits you. The arrow burns you.
The centaur shoots an arrow.
The arrow hits you!
* * * LOW HITPOINT WARNING * * *
The arrow burns you.
* * * LOW HITPOINT WARNING * * *
You see here 2 arrows.
The centaur shoots an arrow.
The arrow misses you.
The centaur shoots an arrow.
The arrow hits you!
You die...

. .#. ..# #.# #####.##
########......#
≈≈≈≈≈≈≈#......#
≈≈≈≈≈≈≈#......#
≈≈≈≈≈≈≈(@.....##
≈≈≈≈≈≈≈.#####..#
≈≈≈≈≈≈≈.# ##.# ..
.c≈≈≈≈≈## ##.###.#
.c≈c≈≈≈ ##....#.#
..≈≈≈≈≈ #.....#.#
≈≈≈≈≈≈≈ ####.....#.#####
≈≈≈≈≈≈≈..........#.#...#
.########...#...##


You could see 3 centaurs.

Vanquished Creatures
  Pikel (D:5)
  The ghost of MrTails the Chopper, an amateur DsBe of Trog (D:4)
  A wyvern (D:6)
  A sky beast (D:6)
  4 ogres (D:4)
  A gnoll sergeant (D:4)
  2 giant frogs (D:6)
  A crimson imp (D:5)
  2 hounds
  2 gnoll shamans (D:4)
  2 orc priests (D:4)
  An iguana (D:4)
  A giant frog skeleton (D:4)
  5 orc wizards
  2 worker ants
  A worker ant zombie (D:6)
  3 adders
  49 gnolls
  2 worms
  3 giant geckos
  16 orcs
  12 bats
  7 goblins
  8 hobgoblins
  17 jackals
  5 quokkas
  A ball python (D:3)
  4 giant cockroaches
  5 giant newts
  11 kobolds
  6 rats
  2 plants (D:4)
179 creatures vanquished.

Vanquished Creatures (others)
  Grinder (D:5)
  A slave (D:5)
2 creatures vanquished.

Grand Total: 181 creatures vanquished

Notes
Turn   | Place    | Note
--------------------------------------------------------------
     0 | D:1      | kaze the Troll Berserker began the quest for the Orb.
     0 | D:1      | Reached XP level 1. HP: 22/22 MP: 0/0
   108 | D:1      | Reached XP level 2. HP: 26/29 MP: 1/1
   689 | D:2      | Reached ** piety under Trog
   797 | D:2      | Reached XP level 3. HP: 22/36 MP: 2/2
  1187 | D:2      | Reached XP level 4. HP: 37/44 MP: 3/3
  1356 | D:3      | Found a basalt altar of Yredelemnul.
  1572 | D:3      | Reached *** piety under Trog
  1876 | D:3      | Reached XP level 5. HP: 53/53 MP: 4/4
  2013 | D:4      | Found Zin's Purification Station.
  2013 | D:4      | Found a glowing silver altar of Zin.
  2013 | D:4      | Noticed an ogre
  2018 | D:4      | Killed an ogre
  2018 | D:4      | Reached skill level 4 in Dodging
  2261 | D:4      | Reached XP level 6. HP: 61/61 MP: 5/5
  2314 | D:4      | Noticed an ogre
  2323 | D:4      | Killed an ogre
  2365 | D:4      | Reached skill level 1 in Maces & Flails
  2499 | D:4      | Noticed an ogre
  2503 | D:4      | Killed an ogre
  2503 | D:4      | Reached skill level 5 in Dodging
  2503 | D:4      | Reached XP level 7. HP: 67/67 MP: 6/6
  2560 | D:4      | Found Tonul's Book Shop.
  2624 | D:4      | Reached **** piety under Trog
  2694 | D:4      | Noticed MrTails's ghost (amateur DsBe)
  2700 | D:4      | Killed MrTails's ghost
  2710 | D:4      | Reached skill level 1 in Stealth
  2717 | D:4      | Reached skill level 6 in Dodging
  2720 | D:4      | Reached XP level 8. HP: 25/78 MP: 7/7
  2725 | D:4      | HP: 2/78 [gnoll/spear (6)]
  3374 | D:4      | Noticed a wyvern
  3695 | D:5      | Entered Level 5 of the Dungeon
  3761 | D:5      | Noticed Grinder
  3769 | D:5      | Noticed Pikel
  3797 | D:5      | Killed Pikel
  3797 | D:5      | Reached skill level 7 in Dodging
  3814 | D:5      | Killed Grinder
  3814 | D:5      | Reached skill level 5 in Fighting
  3814 | D:5      | Reached XP level 9. HP: 41/88 MP: 8/8
  4557 | D:5      | Found a glowing golden altar of the Shining One.
  4657 | D:6      | Gained mutation: You occasionally shout uncontrollably at your foes. [mutagenic meat]
  4658 | D:6      | Gained mutation: Armour fits poorly on your strangely shaped body. [mutagenic meat]
  4660 | D:6      | Gained mutation: You have large cloven feet. [mutagenic meat]
  4661 | D:6      | Gained mutation: You are weak. (Str -2) [mutagenic meat]
  4812 | D:6      | Found a staircase to the Ecumenical Temple.
  5176 | D:6      | Received a gift from Trog
  5181 | D:6      | Reached skill level 5 in Maces & Flails
  5351 | D:7      | Found a sparkling altar of Nemelex Xobeh.
  5415 | D:7      | Shot with an arrow by a centaur

Action                   |  1- 3 |  4- 6 |  7- 9 || total
-------------------------+-------+-------+-------++-------
Melee: Unarmed           |   148 |    59 |       ||   207
       Giant spiked club |       |    71 |   242 ||   313
Invok: Berserk           |     1 |     5 |     4 ||    10
       Trog's Hand       |       |       |     5 ||     5
  Use: Potion            |     5 |       |     2 ||     7
       Scroll            |       |     5 |     1 ||     6
 Stab: Sleeping          |       |     1 |       ||     1
  Eat: Chunk             |    16 |    12 |    44 ||    72
       Fruit             |     2 |       |       ||     2
